 Dungeon Crawl Stone Soup version 0.31-a0-795-g5eb97db20b (webtiles) character file.

Game seed: 8095768573821711438

3 cforsyth the Sneak (level 1, -4/20 HPs)
             Began as a Djinni Delver on Sept 18, 2023.
             Slain by Prince Ribbit (15 damage)
             ... on level 5 of the Dungeon.
             The game lasted 00:00:21 (195 turns).

cforsyth the Sneak (Djinni Delver)                   Turns: 195, Time: 00:00:22

Health: -4/20      AC:  3    Str: 11    XL:     1   Next: 55%
Gold:   19         EV: 12    Int: 11    God:
                   SH:  0    Dex: 14

rFire   + + .        a - +0 falchion
rCold   x . .        (no shield)
rNeg    . . .        b - +0 leather armour
rPois   ∞            (no helmet)
rElec   .            (no cloak)
rCorr   .            (no gloves)
SInv    .            (boots unavailable)
Will    .....        (no amulet)
Stlth   ++           (no ring)
HPRegen 0.23/turn    (no ring)
MPRegen 0.00/turn

%: infuse magic (-5 HP)
@: flying
A: sickness immunity, fire resistance 2, cold vulnerability 1, float, innate
caster, HP casting, extra vitality 1
a: no special abilities


You were on level 5 of the Dungeon.
You visited 1 branch of the dungeon, and saw 1 of its levels.

You collected 19 gold pieces.

Inventory:

Hand Weapons
 a - a +0 falchion (weapon)
Armour
 b - a +0 leather armour (worn)
Wands
 g - a wand of digging (3)
Scrolls
 c - a scroll of fog
 d - a scroll of revelation
 e - a scroll of fear
Potions
 f - a potion of haste


   Skills:
 + Level 3.1 Fighting
 - Level 1.7 Long Blades
 - Level 2.1 Dodging
 - Level 4.1 Stealth
 + Level 0.2 Spellcasting
 + Level 0.2 Conjurations
 + Level 0.2 Hexes
   Level 0.0 Charms
 + Level 0.2 Summonings
 + Level 0.2 Necromancy
 + Level 0.2 Translocations
 + Level 0.2 Transmutations
 + Level 0.2 Fire Magic
 + Level 0.2 Ice Magic
 + Level 0.2 Air Magic
 + Level 0.2 Earth Magic
 + Level 0.2 Poison Magic You didn't know any spells. Your spell library was empty.

Dungeon Overview and Level Annotations

Branches:
Dungeon (5/15)
 Temple: D:4-7

Altars:
Trog

Annotations:
D:5 Prince Ribbit


Innate Abilities, Weirdness & Mutations

You are immune to sickness and miasma.
You are immune to poison.
Your flesh is very heat resistant. (rF++)
You are vulnerable to cold. (rC-)
You float through the air rather than walking.
You learn spells naturally, not from books.
Your magical power is your life essence.
You have superior vitality. (+4 MHP)


Message History

You now have 19 gold pieces (gained 6).
You reach down and open the door.
Key pressed, stopping explore.
There is an open door here.
Prince Ribbit comes into view.
Prince Ribbit moves out of view.
Prince Ribbit is nearby!
Prince Ribbit is nearby!
Prince Ribbit is nearby!
Prince Ribbit blinks!
Prince Ribbit misses you. Prince Ribbit completely misses you.
You hit Prince Ribbit.
Prince Ribbit is lightly wounded.
Prince Ribbit blinks!
Prince Ribbit blinks!
You reach down and open the door.
There is an open door here.
Prince Ribbit blinks!
Prince Ribbit catches a mosquito with his tongue.
Prince Ribbit hops awkwardly around.
Prince Ribbit completely misses you.
You barely miss Prince Ribbit. Prince Ribbit completely misses you.
You hit Prince Ribbit.
Prince Ribbit is lightly wounded.
Prince Ribbit blinks!
You reach down and open the door.
Prince Ribbit attacks as he pursues you!
Prince Ribbit hits you but does no damage.
There is an open door here.
You hit Prince Ribbit.
Prince Ribbit is moderately wounded.
Prince Ribbit closely misses you. Prince Ribbit hits you.
You barely miss Prince Ribbit.
Prince Ribbit is moderately wounded.
Prince Ribbit barely misses you. Prince Ribbit hits you.
You hit Prince Ribbit.
Prince Ribbit is moderately wounded.
Prince Ribbit hits you!
Ouch! That really hurt!
You die...

#...≈≈§§≈§..##
#.#.≈≈≈≈≈≈..# ## #
#.#.....§...# ..#
#)###.##.##.###'## ...
#........##.##...## ..#
####..<####.......## #.#
#...# ##.......## ##..
##...####.........####...
#.......@F........'..§...
###...####.........####...
##..>.....##.......## ##..
#.....###.###.....## ##.
#..##.# # ##...## #.
#.>...# ##'## #. #...#.#
#.# #. #...#.#
..#####.####### #. #......
..............# #.


You could see Prince Ribbit.

Vanquished Creatures
  A worm (D:5)
1 creature vanquished.

Notes
Turn   | Place    | Note
-------+----------+-------------------------------------------
     0 | D:5      | cforsyth the Djinni Delver began the quest for the Orb.
     0 | D:5      | Reached XP level 1. HP: 20/20 MP: 0/0
    11 | D:5      | Found a bloodstained altar of Trog.
   170 | D:5      | Noticed Prince Ribbit
   195 | D:5      | Slain by Prince Ribbit

Illustrated notes

Levels and vault maps discovered:
D:5:      layout_loops_corners, mainiacjoe_overflow_surrounded_room,
          lemuel_doored_altar, general_overflow_altar, jmf_multi_god_temple,
          uniq_menkaure, uniq_prince_ribbit1

Action                     || total
---------------------------++-------
  Melee: Falchion          ||    20
   Stab: Sleeping          ||     1
 Armour: Leather armour    ||     9
  Dodge: Dodged            ||    11

Table legend: (Time is in decaauts)
 A = Elapsed time spent in this place.
 B = Non-inter-level travel time spent in this place.
 C = Inter-level travel time spent in this place.
 D = Time resting spent in this place.
 E = Time spent auto-exploring this place.
 F = Levels seen in this place.
 G = Mean time per level.
                   A        B        C        D        E       F      G
               +--------+--------+--------+--------+--------+-----+--------+
         Total |    199 |    199 |      0 |     50 |     81 |   1 |  199.0 |
       Dungeon |    199 |    199 |      0 |     50 |     81 |   1 |  199.0 |
               +--------+--------+--------+--------+--------+-----+--------+

Top non-repeatable levels by time:
     D:5: 199 daAuts
